 Seeded DCSS version 0.29.1-12-g30fa7ad0bf (webtiles) character file.

Game seed: 1 (custom seed)

1579 Kazon the Trooper (level 8, -10/64 HPs)
             Began as a Demonspawn Fighter on Dec 29, 2022.
             Killed from afar by Maggie (15 damage)
             ... with a bolt of fire
             ... on level 6 of the Dungeon.
             The game lasted 00:16:11 (3806 turns).

Kazon the Trooper (Demonspawn Fighter)              Turns: 3806, Time: 00:16:11

Health: -10/64     AC: 11    Str: 24    XL:     8   Next: 60%
Magic:  8/8        EV: 27    Int: 10    God:
Gold:   210        SH:  0    Dex: 13    Spells: 7/7 levels left

rFire   . . .      SeeInvis .   s - +3 falchion of Winter {venom, rCorr}
rCold   + . .      Faith    .   c - +0 buckler
rNeg    + . .      Spirit   .   D - +3 leather armour {rC+}
rPois   +          Reflect  .   l - +0 helmet
rElec   .          Harm     .   (no cloak)
rCorr   +          Rampage  .   (no gloves)
Will    .....                   m - +2 pair of boots
Stlth   +.........              f - amulet of the acrobat
HPRegen 0.20/turn               y - ring of Bubyake {rPois Str+6}
MPRegen 0.11/turn               u - ring of positive energy

@: confused, brilliant, ambrosia-drunk, acrobatic
A: claws 2, powered by death 1, spiny 1
a: no special abilities


You were on level 6 of the Dungeon.
You visited 1 branch of the dungeon, and saw 6 of its levels.

You collected 394 gold pieces.
You spent 184 gold pieces at shops.

Inventory:

Hand Weapons
 e - a +2 dagger of venom
 s - the +3 falchion of Winter (weapon) {venom, rCorr}
   (You bought it in a shop on level 3 of the Dungeon)

   It poisons the flesh of those it strikes.
   rCorr:     It protects you from acid and corrosion.
 z - a +1 long sword of protection
Missiles
 k - 14 stones (quivered)
 q - 5 boomerangs
 r - a throwing net
 E - 2 curare-tipped darts
Armour
 c - a +0 buckler (worn)
 l - a +0 helmet (worn)
 m - a +2 pair of boots (worn)
 D - a +3 leather armour of cold resistance (worn)
Jewellery
 f - an amulet of the acrobat (around neck)
 u - a ring of positive energy (right claw)
 y - the ring of Bubyake (left claw) {rPois Str+6}
   (You acquired it on level 1 of the Dungeon)

   [ring of strength]

   Str:       It affects your strength (+6).
   rPois:     It protects you from poison.
 F - a ring of protection from cold
Wands
 C - a wand of flame (14)
 G - a wand of mindburst (20)
Scrolls
 i - 7 scrolls of identify
 o - 2 scrolls of immolation {unknown}
 p - a scroll of poison {unknown}
 t - a scroll of fog {unknown}
 w - a scroll of magic mapping {unknown}
 x - 2 scrolls of noise {unknown}
 A - a scroll of teleportation {unknown}
 H - a scroll of enchant weapon {unknown}
Potions
 a - a potion of ambrosia
 b - a potion of berserk rage
 d - 2 potions of might
 g - 2 potions of haste {unknown}
 h - a potion of flight {unknown}
 j - a potion of attraction {unknown}
 n - a potion of cancellation {unknown}
 v - 3 potions of lignification {unknown}
 I - a potion of curing


   Skills:
 + Level 6.0 Fighting
 + Level 3.7(5.3) Short Blades
 + Level 5.9(6.4) Long Blades
 + Level 4.8 Throwing
 + Level 5.7 Armour
 + Level 4.0 Dodging
 + Level 4.0 Stealth
 + Level 5.1 Shields


You had 7 spell levels left.
You didn't know any spells.
Your spell library contained the following spells:

 Spells                   Type           Power      Damage    Failure   Level
 Apportation              Tloc           0%         N/A       50%         1
 Necrotise                Necr           0%         1d4       50%         1
 Sting                    Tmut/Pois      0%         1d3       50%         1
 Summon Small Mammal      Summ           0%         N/A       50%         1
 Poisonous Vapours        Pois/Air       0%         N/A       63%         2
 Olgreb's Toxic Radiance  Pois           0%         N/A       99%         4
 Fireball                 Conj/Fire      0%         3d3       100%        5
 Iskenderun's Battlesphe  Conj           0%         2d6       100%        5
 Conjure Ball Lightning   Conj/Air       0%         3x3d6     100%        6
 Orb of Destruction       Conj           0%         9d5       100%        7


Dungeon Overview and Level Annotations

Branches:
Dungeon (6/15)
 Temple: D:4-7

Altars:
Hepliaklqana

Shops:
D:3 (

Annotations:
D:6 Maggie


Innate Abilities, Weirdness & Mutations

You have very sharp fingernails.
You regenerate a little health from kills.
You are partially covered in sharp spines.


Message History

You are mesmerised by Maggie!
You hit Maggie.
Maggie is poisoned.
Maggie is moderately wounded.
You block Maggie's attack.
You hit Maggie.
Maggie is moderately wounded.
Maggie hits you with a +0 glaive.
You hit Maggie but do no damage.
Maggie is moderately wounded.
You block Maggie's attack.
You hit Maggie but do no damage.
Maggie is moderately wounded.
Maggie casts a spell at you. The bolt of fire hits you!!
You closely miss Maggie.
Maggie is moderately wounded.
Maggie closely misses you.
You hit Maggie.
Maggie looks as sick as possible!
Maggie is moderately wounded.
Maggie casts a spell at you. The bolt of fire hits you!!
* * * LOW HITPOINT WARNING * * *
You hit Maggie.
Maggie looks as sick as possible!
Maggie is heavily wounded.
Maggie is struck by your spines. Maggie hits you with a +0 glaive.
* * * LOW HITPOINT WARNING * * *
You barely miss Maggie.
Maggie is severely wounded.
You break out of your daze.
Maggie points at you and mumbles some strange words.
The bolt of fire misses you.
Sorry, you're not good enough to have a special ability.
It was a potion of ambrosia.
You are confused.
You feel invigorated. Maggie is struck by your spines.
Maggie hits you with a +0 glaive!
* * * LOW HITPOINT WARNING * * *
Maggie casts a spell at you. The bolt of fire hits you!
You die...

#.#.# #..## #####....#
#.#.# #...#+#...'..#>#
#.#.#
+#........##..#.#
#)#.#
##........###.##.#
#.#.####.........#
#....#
#.#.+.."....#...#+
#.##.#
#.#.####.........#
#.#### #...#
##@!......###.#
#.#.#...'#.@......##.#
#.#.#....#...#+#...+.#
#.#.##$..#..## ####.#
#.#.##.@J#.## #.#
#.#.####.#.# #.#
#...######+#########.#
#.#..................#
#............#########
##############


You could see Maggie (extremely poisoned).

Vanquished Creatures
  Eustachio (D:5)
  Menkaure (D:5)
  A water moccasin (D:5)
  A sky beast (D:5)
  2 centaurs (D:5)
  A necrophage (D:5)
  5 scorpions
  A howler monkey (D:5)
  A hound (D:4)
  2 orc priests
  3 iguanas
  Robin (D:3)
  6 gnolls
  9 adders
  An ufetubus (D:5)
  3 worms
  9 orcs
  11 endoplasms
  A giant cockroach (D:1)
  16 goblins
  9 hobgoblins
  A jackal (D:4)
  4 kobolds
  A quokka (D:1)
  5 ball pythons
  4 bats
  3 frilled lizards
  6 rats
109 creatures vanquished.

Notes
Turn   | Place    | Note
-------+----------+-------------------------------------------
     0 | D:1      | Kazon the Demonspawn Fighter began the quest for the Orb.
     0 | D:1      | Reached XP level 1. HP: 18/18 MP: 1/1
    32 | D:1      | Identified a scroll of acquirement
    32 | D:1      | Acquired the ring of Bubyake {rPois Str+6}
   315 | D:1      | Gained mutation: You are partially covered in sharp spines.
                  | [demonic ancestry]
   315 | D:1      | Reached XP level 2. HP: 19/24 MP: 2/2
   956 | D:2      | Gained mutation: You regenerate a little health from kills.
                  | [demonic ancestry]
   956 | D:2      | Reached XP level 3. HP: 29/29 MP: 3/3
  1298 | D:2      | Reached XP level 4. HP: 30/37 MP: 4/4
  1429 | D:3      | Found Umat's Antique Weapon Boutique.
  1456 | D:3      | Bought a crude falchion for 184 gold pieces
  1456 | D:3      | Identified the +3 falchion of Winter {venom, rCorr} (You
                  | bought it in a shop on level 3 of the Dungeon)
  1736 | D:3      | Reached XP level 5. HP: 38/42 MP: 5/5
  1745 | D:3      | Noticed Robin
  1757 | D:3      | Killed Robin
  1828 | D:3      | Reached skill level 5 in Fighting
  1828 | D:3      | Reached skill level 5 in Armour
  1828 | D:3      | Reached skill level 5 in Shields
  1828 | D:3      | Reached XP level 6. HP: 52/52 MP: 6/6
  2074 | D:4      | Reached skill level 5 in Long Blades
  2401 | D:4      | Found a hazy altar of Hepliaklqana.
  2513 | D:4      | Gained mutation: You have sharp fingernails. [demonic
                  | ancestry]
  2513 | D:4      | Reached XP level 7. HP: 56/57 MP: 7/7
  2915 | D:5      | Entered Level 5 of the Dungeon
  2998 | D:5      | Noticed Menkaure
  3007 | D:5      | Killed Menkaure
  3015 | D:5      | Gained mutation: You have very sharp fingernails. [demonic
                  | ancestry]
  3015 | D:5      | Reached XP level 8. HP: 45/64 MP: 8/8
  3132 | D:5      | Noticed Eustachio
  3142 | D:5      | Killed Eustachio
  3143 | D:5      | Reached skill level 6 in Fighting
  3788 | D:6      | Noticed Maggie
  3805 | D:6      | HP: 2/64 [Maggie/+0 glaive (13)]
  3806 | D:6      | Killed from afar by Maggie

Illustrated notes

Levels and vault maps discovered:
D:1:      dpeg_arrival_three_smaller_balls, layout_basic
D:2:      layout_loops_ring
D:3:      layout_basic, serial_shops, nicolae_shop_stone, st_stairs_9,
          minmay_misc_feat_doors, eino_curves_03, uniq_robin
D:4:      minmay_wonky_spiral, layout_basic,
          mainiacjoe_overflow_surrounded_room, minivault_5
D:5:      layout_cave_pods, uniq_menkaure, uniq_eustachio
D:6:      cheibrodos_barr_body, layout_basic, minmay_crystal_room,
          minmay_pentangle, uniq_maggie, uniq_edmund

Skill      XL: |  1  2  3  4  5  6  7  8 |
---------------+-------------------------+-----
Armour         | 3 5 |  5.7
Long Blades    | 2 3 4 5 |  5.9
Shields        | 3 5 |  5.1
Fighting       | 5 6 |  6.0
Short Blades   | 3 |  3.7
Throwing       | 3 4 |  4.8
Dodging        | 3 4 |  4.0
Stealth        | 4 |  4.0

Action                   |  1- 3 |  4- 6 |  7- 9 || total
-------------------------+-------+-------+-------++-------
Melee: Long sword        |    72 |       |       ||    72
       Dagger            |    10 |     8 |       ||    18
       Falchion          |       |    71 |   100 ||   171
Throw: Stone             |       |    23 |    21 ||    44
  Use: Scroll            |     1 |       |     2 ||     3
       Potion            |       |     1 |     4 ||     5
 Stab: Sleeping          |       |       |     1 ||     1
Armor: Scale mail        |    37 |    24 |    18 ||    79
       Leather armour    |       |       |     7 ||     7
Dodge: Dodged            |    37 |    29 |    44 ||   110
Block: Buckler           |    20 |    14 |    22 ||    56
